Map: Lightshade LE

Players

Dream

  • Race: Terran Terran

Reynor - Winner!

  • Race: Zerg Zerg

Event: DreamHack SC2 Masters 2021 Summer

VOD

Have the link to the VOD?

Description

Time

  • Played on: July 3, 2021, 2:06 p.m.
  • Length: 36:56

All games in this series

Show
View Real Time Build Order
Export as new Build Order

Dream Terran 

Build Orders:  

Get SALT Encoding   

  12  0:00  SCV  
  13  0:12  SCV  
  14  0:18  Supply Depot  
  14  0:24  SCV  
  15  0:40  Barracks  
  15  0:50  Barracks  
  15  0:55  SCV  
  16  1:07  SCV  
  17  1:14  Refinery  
  17  1:19  SCV  
  18  1:27  Marine  
  18  1:31  Orbital Command  
  19  1:37  Supply Depot  
  19  1:40  Marine  
  20  1:49  Marine  
  20  1:52  Bunker  
  21  1:59  SCV  
  21  2:00  Marine  
  23  2:06  Marine  
  24  2:13  SCV  
  23  2:18  Marine  
  22  2:24  Marine  
  22  2:27  SCV  
  22  2:28  Factory  
  25  2:39  SCV  
  27  2:48  Command Center  
  25  2:51  SCV  
  26  3:02  Refinery, Supply Depot  
  26  3:04  SCV  
  27  3:12  Factory Reactor  
  27  3:16  SCV  
  27  3:18  Starport  
  28  3:28  SCV  
  29  3:40  SCV  
  30  3:49  Hellion x2  
  30  3:52  SCV  
  35  3:57  Medivac  
  37  4:04  SCV  
  37  4:07  Marine  
  37  4:08  Marine  
  40  4:10  Hellion x2  
  40  4:11  Armory  
  40  4:16  SCV  
  45  4:20  Orbital Command  
  45  4:28  SCV  
  46  4:31  Hellion  
  46  4:32  Hellion  
  46  4:36  Barracks Tech Lab  
  50  4:41  SCV  
  50  4:42  Supply Depot  
  51  4:50  SCV  
  52  4:53  SCV  
  52  4:55  Stimpack  
  53  5:04  Hellion x2  
  53  5:06  SCV x2  
  57  5:10  Marine x2  
  57  5:11  Starport Reactor  
  59  5:17  Supply Depot  
  59  5:20  SCV  
  59  5:21  SCV  
  61  5:32  Command Center  
  61  5:38  SCV x2, Hellion x2  
  61  5:39  Hellion x2  
  63  5:47  Supply Depot  
  60  5:50  Engineering Bay x2  
  60  5:53  SCV x2, Barracks  
  60  5:56  Marine  
  63  5:57  Factory Tech Lab  
  63  6:03  Supply Depot  
  63  6:05  Marine  
  63  6:06  Marine  
  63  6:07  SCV x2, Hellion  
  67  6:16  Marine, Supply Depot  
  67  6:18  Terran Infantry Armor Level 1, Terran Infantry Weapons Level 1  
  68  6:19  SCV  
  68  6:20  SCV  
  70  6:28  Marine x2, Supply Depot  
  70  6:31  SCV  
  70  6:32  SCV, Siege Tank  
  77  6:33  Medivac  
  79  6:43  Marine  
  79  6:44  Barracks Reactor, SCV x2, Orbital Command  
  82  6:50  Marine  
  83  6:54  Refinery  
  83  6:56  Refinery, SCV x2  
  83  6:57  Marine  
  83  7:00  Combat Shield  
  86  7:03  Marine  
  86  7:08  SCV x2  
  89  7:11  Siege Tank  
  89  7:13  Orbital Command  
  93  7:17  Marine  
  93  7:19  Marine  
  93  7:20  SCV  
  89  7:24  Marine x2  
  89  7:25  Marine  
  89  7:29  SCV  
  89  7:32  SCV, Barracks  
  89  7:33  Barracks  
  89  7:36  Medivac x2  
  94  7:38  SCV  
  94  7:41  SCV  
  94  7:43  Marine  
  97  7:44  SCV  
  97  7:45  Marine  
  97  7:46  Marine x3  
  97  7:50  SCV  
  103  7:51  Supply Depot  
  103  7:53  SCV  
  103  7:56  SCV  
  105  8:01  Marine  
  105  8:02  SCV, Supply Depot  
  105  8:03  Marine x3, Supply Depot  
  110  8:07  Siege Tank  
  110  8:09  Marine  
  114  8:19  Marine  
  115  8:21  Marine, Supply Depot  
  115  8:23  Refinery x2  
  115  8:24  Terran Infantry Armor Level 2, Terran Infantry Weapons Level 2  
  115  8:26  Barracks Reactor x2  
  110  8:28  Marine  
  110  8:30  Marine x2  
  113  8:37  Marine  
  113  8:38  Command Center  
  113  8:39  Marine, Supply Depot  
  115  8:42  Medivac  
  115  8:45  Bunker  
  115  8:46  SCV x3  
  120  8:53  Supply Depot  
  120  8:55  Marine, Supply Depot  
  121  8:58  SCV x2, Marine x2  
  121  8:59  Marine x2  
  127  9:06  Factory  
  127  9:07  Siege Tank  
  130  9:10  SCV x3  
  130  9:13  Marine  
  134  9:18  Marauder, Terran Vehicle Weapons Level 1  
  134  9:20  Supply Depot  
  136  9:24  Factory  
  136  9:33  Supply Depot  
  136  9:34  Supply Depot  
  136  9:38  Marine x7  
  129  9:39  Marauder, Marine  
  129  9:40  Siege Tank  
  129  9:44  Liberator  
  144  9:59  Barracks x2  
  144  10:01  Factory Tech Lab  
  144  10:02  Concussive Shells  
  144  10:04  SCV x3  
  147  10:07  Marine x5  
  147  10:12  Siege Tank  
  157  10:14  Planetary Fortress  
  157  10:16  Sensor Tower  
  157  10:19  SCV x2  
  157  10:20  SCV  
  160  10:25  Siege Tank  
  160  10:26  Factory Tech Lab  
  161  10:31  Command Center  
  161  10:37  SCV x3  
  161  10:41  Sensor Tower  
  164  10:49  SCV, Siege Tank x2  
  171  10:50  Liberator x2  
  177  10:59  Refinery x2  
  176  11:06  Command Center  
  176  11:09  Siege Tank  
  179  11:16  Command Center, Ghost Academy  
  170  11:21  Siege Tank x2  
  175  11:38  Terran Infantry Weapons Level 3  
  175  11:39  Marine x6  
  178  11:45  Terran Infantry Armor Level 3  
  178  11:46  Personal Cloaking  
  174  11:47  Barracks Tech Lab x2  
  174  11:53  Command Center  
  174  11:58  Command Center  
  174  12:00  Missile Turret  
  174  12:06  Siege Tank x2  
  183  12:09  Terran Vehicle Weapons Level 2  
  183  12:14  Missile Turret  
  180  12:23  Refinery  
  180  12:24  Missile Turret  
  180  12:26  Missile Turret  
  180  12:27  Refinery  
  180  12:29  Planetary Fortress  
  180  12:39  Ghost  
  180  12:40  Ghost x2  
  186  12:49  Barracks Tech Lab  
  172  12:55  Siege Tank x3  
  150  13:06  Marine x6  
  150  13:08  Marine x2, Command Center  
  150  13:09  Marauder, Marine  
  141  13:15  SCV x5  
  141  13:24  Marine x4  
  141  13:25  Orbital Command  
  143  13:27  SCV x3, Siege Tank  
  143  13:28  Siege Tank x2  
  143  13:30  SCV x2  
  157  13:35  Planetary Fortress  
  157  13:40  SCV x3  
  160  13:41  Marine  
  160  13:44  Marine x2  
  160  13:47  Marine x4  
  160  13:48  Marine  
  156  13:59  Siege Tank  
  156  14:03  Siege Tank x2  
  156  14:05  SCV x2  
  156  14:06  SCV x3  
  156  14:07  Missile Turret  
  156  14:08  SCV  
  169  14:14  Missile Turret  
  169  14:16  Orbital Command  
  168  14:23  Sensor Tower  
  168  14:25  Sensor Tower  
  168  14:27  Liberator x2  
  168  14:28  Ghost x2  
  168  14:31  Ghost, Siege Tank  
  178  14:35  Siege Tank  
  164  14:57  Ghost x2  
  168  15:00  Siege Tank  
  168  15:01  Refinery  
  168  15:02  Ghost x2  
  168  15:03  Marine x3  
  168  15:04  Marine x3, Siege Tank  
  168  15:05  Missile Turret  
  184  15:07  Siege Tank  
  184  15:11  Orbital Command  
  184  15:13  Missile Turret  
  187  15:16  Missile Turret  
  187  15:21  Marine  
  179  15:22  Marine x5  
  179  15:25  Ghost x2  
  179  15:27  SCV x4  
  180  15:29  SCV  
  180  15:31  Marine x2  
  180  15:33  Siege Tank  
  186  15:38  Siege Tank  
  186  15:39  Siege Tank  
  186  15:40  Missile Turret  
  186  15:41  Terran Vehicle Weapons Level 3  
  176  16:05  Siege Tank  
  176  16:09  Missile Turret  
  176  16:10  Siege Tank  
  182  16:11  Siege Tank  
  182  16:14  Command Center  
  182  16:18  Missile Turret  
  185  16:20  Ghost  
  185  16:21  Ghost x3  
  193  16:37  Siege Tank  
  196  16:46  Marine  
  196  16:47  Marine  
  179  16:49  Ghost x3  
  179  16:52  Neosteel Armor, Hi-Sec Auto Tracking  
  180  17:00  Siege Tank x2  
  182  17:03  Marine x5  
  182  17:04  Marine x2  
  189  17:09  Siege Tank  
  189  17:10  Missile Turret  
  189  17:11  Nuke  
  189  17:13  Ghost Academy  
  192  17:18  Marine x3  
  192  17:19  Command Center  
  192  17:20  Marine  
  192  17:21  Marine  
  197  17:26  Missile Turret  
  197  17:27  Orbital Command  
  197  17:28  Sensor Tower  
  197  17:29  Command Center  
  197  17:32  Command Center  
  172  18:08  Siege Tank x2  
  172  18:10  Ghost x3  
  172  18:11  Ghost  
  172  18:12  Marine  
  180  18:21  Nuke x2  
  180  18:27  Marine  
  180  18:28  Marine x2  
  180  18:33  Siege Tank  
  186  18:39  Ghost x3  
  186  18:40  Siege Tank  
  186  18:41  Refinery  
  195  18:44  Command Center  
  195  18:45  Orbital Command, Missile Turret  
  195  18:46  Orbital Command  
  187  19:07  Bunker  
  187  19:10  Liberator x2  
  193  19:18  Missile Turret  
  193  19:37  Nuke  
  190  19:39  Thor  
  196  19:56  Planetary Fortress  
  194  20:03  Orbital Command  
  194  20:05  Missile Turret  
  194  20:07  Sensor Tower  
  194  20:10  Missile Turret  
  194  20:11  Refinery x2, Missile Turret  
  194  20:22  Planetary Fortress  
  194  20:27  Nuke  
  179  20:41  Missile Turret, Thor x3  
  179  20:42  Viking  
  199  20:50  Nuke  
  195  21:20  Missile Turret  
  187  21:56  Nuke  
  187  21:58  Thor  
  187  21:59  Thor  
  197  22:30  Nuke  
  197  23:02  Missile Turret x2  
  196  23:06  Orbital Command  
  192  23:15  Nuke  
  192  23:20  Refinery, Command Center, Thor  
  192  23:21  Refinery  
  192  23:57  Orbital Command  
  186  24:27  Thor x2  
  186  24:29  Viking  
  187  24:54  Thor  
  187  24:56  Viking  
  187  24:58  Viking  
  193  25:10  Thor x2  
  164  25:31  Viking x2  
  164  25:34  Marine  
  164  25:35  Ghost x2, Marine x7  
  169  25:37  Thor  
  179  25:46  Missile Turret  
  175  25:52  Ghost, Marine x2, Thor  
  175  25:53  Thor  
  188  26:01  Viking x2  
  182  26:08  Marine x7  
  182  26:10  Marine x2  
  191  26:14  Planetary Fortress  
  191  26:19  Thor  
  191  26:21  Marine  
  198  26:42  Terran Vehicle And Ship Armor Level 1  
  189  27:02  Thor  
  189  27:03  Nuke x2  
  189  27:08  Refinery  
  195  27:09  Missile Turret  
  195  27:42  Viking x2  
  199  27:46  Enhanced Shockwaves  
  190  28:03  Marine x10  
  193  28:19  Orbital Command  
  187  28:55  Orbital Command  
  187  28:59  Marine x2  
  189  29:28  Supply Depot  
  189  29:29  Missile Turret  
  189  29:33  Sensor Tower  
  189  29:49  Thor  
  195  30:07  Thor  
  196  30:17  Missile Turret  
  194  30:50  Thor  
  198  30:57  Marine x2  
  200  31:20  Orbital Command x2  
  194  31:49  Supply Depot  
  194  31:50  Supply Depot  
  194  31:52  Supply Depot  
  194  32:12  Thor  
  198  32:38  Thor  
  187  33:04  Thor  
  172  33:16  Orbital Command, Ghost x4  
  172  33:19  Marine x6  
  183  33:21  Thor  
  183  33:25  Orbital Command  
  189  33:36  Command Center  
  189  33:45  Ghost x2  
  189  33:46  Orbital Command  
  193  33:50  Ghost x2  
  193  33:54  Refinery, Thor  
  191  33:56  Command Center  
  191  33:58  Refinery, Missile Turret  
  191  34:01  Orbital Command  
  186  34:04  Thor  
  186  34:05  Orbital Command  
  192  34:12  Sensor Tower  
  192  34:13  Ghost  
  194  34:18  Nuke x2  
  194  34:19  Terran Vehicle And Ship Armor Level 2  
  194  34:26  Supply Depot  
  194  34:41  Ghost, Viking x2  
  194  34:43  Thor  
  194  34:44  Ghost, Marine x2  
  194  34:45  Ghost x2, Marine x4  
  191  34:47  Thor  
  127  35:02  Marine x4  
  109  35:08  Marine x2  
  109  35:10  Ghost  
  109  35:11  Viking x2  
  109  35:13  Marine, Ghost x2  
  120  35:20  Marine x4  
  122  35:26  Marine x2  
  123  35:31  Marine  
  124  35:38  Marine x4  
  124  35:39  Marine  
  124  35:42  Marine  
  94  36:25  Marine x4  
Show
View Real Time Build Order
Export as new Build Order

Reynor Zerg - Winner!

Build Orders: Hatch First, Lurkers 

Get SALT Encoding   

  12  0:00  Drone  
  13  0:12  Overlord  
  13  0:16  Drone  
  14  0:31  Drone x2  
  16  0:48  Hatchery  
  15  0:51  Drone  
  15  0:55  Drone  
  17  0:58  Drone  
  18  1:08  Extractor  
  17  1:13  Spawning Pool  
  17  1:16  Drone  
  17  1:20  Drone  
  18  1:27  Drone  
  19  1:38  Drone  
  20  2:00  Queen  
  23  2:01  Zergling x6  
  23  2:10  Queen  
  23  2:23  Drone x2  
  23  2:24  Drone  
  26  2:33  Overlord  
  26  2:37  Drone  
  26  2:41  Drone  
  28  2:53  Drone x2  
  28  2:56  Queen  
  32  3:00  Drone  
  33  3:07  Metabolic Boost  
  33  3:10  Overlord  
  33  3:13  Drone  
  33  3:18  Drone x2  
  36  3:30  Drone  
  37  3:34  Hatchery  
  37  3:38  Drone  
  37  3:40  Overlord  
  37  3:42  Drone  
  37  3:45  Drone x2  
  40  3:51  Queen  
  40  3:54  Drone  
  42  3:56  Drone  
  42  4:01  Queen  
  45  4:05  Drone  
  45  4:07  Overlord  
  46  4:10  Drone  
  46  4:13  Zergling x6  
  50  4:17  Zergling x2  
  51  4:24  Overlord  
  51  4:25  Drone  
  51  4:26  Drone x2  
  51  4:28  Zergling x2  
  55  4:31  Queen  
  55  4:35  Overlord  
  55  4:36  Drone  
  55  4:38  Drone  
  59  4:46  Overlord  
  59  4:47  Drone x3  
  59  4:52  Zergling x2  
  63  4:57  Zergling x4  
  63  4:59  Queen  
  67  5:01  Overlord  
  67  5:02  Drone x2  
  67  5:05  Drone  
  69  5:07  Drone  
  69  5:09  Lair  
  69  5:13  Drone x2  
  71  5:18  Overlord  
  69  5:22  Zergling x8  
  69  5:27  Extractor  
  69  5:28  Queen, Baneling Nest  
  73  5:37  Zergling x6  
  73  5:38  Queen  
  73  5:40  Drone x4  
  73  5:42  Drone  
  81  5:45  Overlord  
  81  5:47  Drone  
  81  5:48  Spore Crawler  
  80  5:50  Drone  
  80  5:52  Drone x2  
  83  5:58  Spore Crawler  
  83  6:00  Drone x3, Spore Crawler  
  83  6:02  Drone  
  85  6:08  Overlord  
  85  6:12  Drone  
  85  6:13  Drone, Overseer  
  85  6:14  Overseer  
  85  6:17  Baneling  
  85  6:18  Baneling x2, Overlord  
  87  6:21  Drone x3  
  90  6:29  Drone  
  90  6:31  Drone x2  
  93  6:33  Drone, Evolution Chamber  
  93  6:34  Evolution Chamber, Overlord  
  93  6:36  Drone  
  93  6:37  Drone, Hatchery  
  93  6:42  Centrifical Hooks  
  93  6:45  Zergling x8  
  97  6:48  Extractor  
  97  6:51  Zergling x2  
  97  6:52  Baneling x2  
  97  6:54  Zergling x6  
  100  6:55  Drone  
  100  6:56  Extractor  
  100  6:58  Extractor  
  100  6:59  Zergling x2  
  100  7:05  Overlord  
  100  7:06  Drone  
  101  7:10  Drone x3, Zergling x6  
  101  7:11  Zergling x2  
  101  7:15  Overlord  
  108  7:19  Zergling x2  
  108  7:24  Zergling x2  
  108  7:27  Drone x3  
  112  7:30  Zergling x2, Overseer  
  112  7:36  Drone  
  114  7:38  Zerg Melee Weapons Level 1, Zerg Ground Armor Level 1  
  114  7:39  Zergling x2  
  114  7:40  Hatchery, Zergling x6  
  114  7:43  Zergling x4  
  119  7:44  Overlord  
  119  7:49  Baneling x6  
  119  7:50  Baneling x2, Zergling x2  
  120  7:53  Zergling x4  
  120  7:54  Zergling x2  
  120  7:57  Overlord  
  123  7:59  Zergling x6  
  123  8:00  Drone x3, Queen  
  129  8:05  Overlord  
  129  8:06  Drone x4  
  129  8:11  Zergling x4  
  131  8:14  Baneling x4  
  131  8:17  Drone  
  131  8:19  Drone x2  
  134  8:23  Zergling x2  
  136  8:27  Zergling x2  
  136  8:28  Overlord  
  136  8:30  Hatchery, Zergling x2  
  136  8:33  Zergling x4  
  136  8:34  Zergling x4  
  140  8:39  Zergling x2  
  140  8:41  Overlord  
  141  8:42  Zergling x2  
  141  8:44  Overlord  
  141  8:45  Pneumatized Carapace  
  141  8:46  Drone x6  
  148  8:49  Infestation Pit  
  148  8:50  Spore Crawler  
  148  8:51  Zergling x2, Spore Crawler  
  146  8:57  Zergling x6  
  146  9:03  Zergling x8  
  146  9:04  Zergling x4  
  146  9:05  Zergling x2  
  146  9:07  Zergling x4  
  155  9:12  Baneling x5  
  155  9:13  Zergling x6  
  155  9:14  Zergling x8  
  155  9:15  Queen  
  155  9:16  Zergling x4  
  166  9:18  Zergling x6  
  166  9:20  Zergling x2  
  166  9:21  Zergling x2  
  171  9:25  Zergling x2, Hive  
  171  9:26  Zergling x2  
  171  9:29  Zergling x4  
  173  9:33  Zergling x4  
  173  9:34  Zergling x4  
  173  9:36  Zergling x2  
  175  9:39  Zergling x6  
  175  9:40  Zergling x2  
  175  9:41  Zerg Ground Armor Level 2, Zerg Melee Weapons Level 2  
  175  9:43  Drone x5, Extractor  
  183  9:46  Extractor x2, Hydralisk Den, Burrow  
  183  9:47  Zergling x4  
  183  9:48  Zergling x2  
  183  9:52  Zergling x4  
  185  9:56  Baneling x12  
  185  9:59  Zergling x4  
  187  10:04  Drone x3  
  190  10:07  Zergling x8  
  190  10:09  Overlord  
  190  10:10  Zergling x6  
  190  10:13  Drone x3  
  200  10:16  Hatchery, Zergling x2  
  200  10:17  Overlord  
  200  10:21  Lurker Den  
  198  10:33  Spore Crawler  
  198  10:34  Spore Crawler  
  195  10:36  Zergling x6  
  195  10:37  Zergling x10  
  199  10:47  Baneling  
  199  10:48  Baneling x8  
  199  10:50  Drone  
  194  11:05  Viper  
  194  11:08  Drone x2  
  199  11:12  Evolution Chamber  
  199  11:13  Drone  
  199  11:15  Baneling x2  
  195  11:24  Drone x4  
  191  11:34  Drone x2  
  191  11:35  Drone x4, Spore Crawler  
  191  11:36  Spore Crawler  
  191  11:38  Adaptive Talons  
  188  11:43  Drone x5  
  188  11:46  Drone x3  
  197  11:47  Drone x4  
  197  11:54  Zerg Missile Weapons Level 1  
  200  12:00  Zerg Melee Weapons Level 3, Zerg Ground Armor Level 3  
  200  12:03  Adrenal Glands  
  200  12:11  Spore Crawler  
  200  12:12  Spore Crawler  
  200  12:13  Spore Crawler x2  
  195  12:35  Seismic Spines  
  195  12:36  Overseer  
  195  12:43  Spire  
  190  12:46  Hatchery  
  190  12:50  Hydralisk  
  190  12:51  Hydralisk x8  
  172  12:52  Zergling x32  
  172  12:53  Zergling x2  
  172  12:55  Overlord  
  172  12:58  Hydralisk x2  
  191  12:59  Zergling x10  
  192  13:07  Hydralisk x3  
  192  13:08  Zergling x14  
  192  13:10  Overlord  
  193  13:15  Hydralisk x3  
  193  13:16  Zergling x10  
  197  13:21  Baneling  
  197  13:22  Lurker x4  
  197  13:26  Nydus Network  
  197  13:29  Nydus Network  
  197  13:31  Lurker x4  
  199  13:40  Zergling x4  
  181  13:51  Hydralisk x4  
  181  13:52  Zergling x34  
  181  13:55  Zergling x22  
  199  13:58  Hydralisk x2  
  199  13:59  Zergling x14  
  199  14:01  Overlord  
  194  14:04  Zergling x10  
  194  14:09  Extractor  
  198  14:14  Lurker  
  198  14:16  Baneling x9  
  199  14:31  Baneling x7  
  199  14:37  Hydralisk  
  199  14:38  Hydralisk, Zergling x18  
  191  14:40  Zergling x18  
  191  14:41  Zergling x4  
  191  14:43  Zergling x14  
  197  14:47  Zergling x2  
  197  14:48  Zergling x4  
  197  14:50  Zergling x14  
  193  14:53  Zerg Missile Weapons Level 2  
  193  14:58  Nydus Canal  
  193  15:00  Nydus Canal  
  193  15:01  Baneling x8  
  193  15:02  Lurker x6  
  193  15:05  Zergling x2  
  200  15:09  Overlord  
  200  15:12  Overseer x2  
  197  15:20  Zergling x42  
  195  15:22  Overlord  
  195  15:23  Hydralisk x2  
  195  15:24  Zergling x4  
  195  15:28  Viper x3  
  176  15:30  Drone x3  
  176  15:32  Extractor, Hydralisk x2  
  176  15:33  Zergling x14  
  176  15:34  Overlord  
  195  15:35  Overseer  
  195  15:39  Zergling x8  
  195  15:40  Zergling x2  
  198  15:44  Zergling x10  
  198  15:45  Zergling x2  
  198  15:46  Hydralisk  
  198  15:49  Zergling x8  
  182  15:55  Hydralisk  
  182  15:56  Zergling x12  
  180  16:00  Drone x4  
  180  16:01  Drone  
  180  16:02  Zergling x6, Lurker x4  
  180  16:03  Zergling x2  
  193  16:05  Zergling x12  
  199  16:14  Overseer  
  199  16:17  Overseer x2  
  199  16:38  Nydus Canal  
  197  16:46  Hydralisk x8, Zergling x2  
  197  16:47  Zergling x40  
  184  16:49  Nydus Canal  
  184  16:50  Zergling x18  
  184  16:52  Hydralisk  
  184  16:53  Zergling x2  
  189  16:56  Zergling x4  
  189  16:57  Zergling x2  
  189  16:58  Zergling x8  
  189  16:59  Zergling x6  
  189  17:00  Viper x2  
  190  17:02  Zergling x8  
  190  17:05  Drone x2  
  197  17:13  Baneling x12  
  200  17:16  Baneling x4  
  200  17:19  Hatchery, Baneling x2  
  200  17:21  Lurker x5  
  200  17:22  Baneling x3  
  200  17:23  Baneling x9  
  200  17:25  Baneling x10  
  200  17:36  Zerg Missile Weapons Level 3  
  200  17:45  Drone, Spore Crawler  
  187  18:02  Hydralisk  
  187  18:03  Zergling x52  
  187  18:09  Zergling x34  
  187  18:11  Overseer  
  189  18:18  Hydralisk  
  189  18:19  Zergling x12  
  197  18:24  Spore Crawler  
  196  18:28  Zergling x6  
  197  18:41  Lurker x2  
  197  18:54  Zergling x48  
  197  18:55  Zergling x6  
  169  18:57  Hydralisk x4  
  169  18:58  Zergling x2  
  176  19:03  Hatchery, Lurker  
  176  19:04  Greater Spire  
  176  19:08  Hydralisk x3  
  176  19:09  Zergling x12  
  189  19:10  Zergling x4  
  189  19:15  Infestor x2  
  194  19:17  Hatchery  
  194  19:19  Overseer  
  193  19:25  Lurker x2  
  193  19:26  Lurker x2  
  193  19:29  Zergling x6  
  201  19:40  Overlord x2  
  201  19:41  Overseer x2  
  187  20:11  Extractor  
  186  20:16  Extractor  
  186  20:18  Extractor, Corruptor x5  
  177  20:36  Zerg Flyer Weapons Level 1  
  177  20:37  Drone x2, Spire  
  158  20:45  Extractor  
  158  20:46  Corruptor x4  
  165  21:08  Brood Lord  
  167  21:13  Brood Lord x4  
  175  21:20  Brood Lord x2  
  175  21:21  Brood Lord x2  
  183  21:31  Spine Crawler, Spore Crawler  
  181  21:36  Spine Crawler x2, Spore Crawler  
  178  21:56  Corruptor  
  178  21:57  Corruptor x4  
  188  22:04  Spore Crawler x3  
  188  22:06  Spore Crawler, Zerg Flyer Armor Level 1  
  188  22:07  Spore Crawler  
  188  22:08  Spore Crawler x2  
  181  22:16  Corruptor x3  
  183  22:24  Overseer  
  183  22:25  Corruptor x3  
  185  22:45  Spore Crawler  
  185  22:46  Spine Crawler  
  185  22:49  Spine Crawler x2, Spore Crawler  
  180  22:52  Nydus Canal  
  180  22:58  Brood Lord x6  
  186  22:59  Brood Lord x3  
  198  23:13  Overseer  
  198  23:14  Zerg Flyer Weapons Level 2  
  198  23:25  Pathogen Glands  
  198  23:32  Lurker  
  198  23:45  Brood Lord  
  198  23:55  Overseer x3  
  171  24:17  Overseer x2  
  171  24:19  Brood Lord  
  171  24:20  Zergling x52  
  171  24:21  Neural Parasite  
  196  24:39  Infestor x2  
  196  24:44  Zerg Flyer Armor Level 2  
  190  24:57  Overseer x3  
  179  25:18  Zergling x38  
  179  25:19  Zergling x2  
  181  25:30  Zergling x12  
  181  25:31  Zergling x26  
  189  26:00  Infestor x4, Spore Crawler  
  189  26:01  Spore Crawler x2  
  177  26:10  Spore Crawler x2  
  177  26:11  Zergling x52, Spore Crawler  
  200  26:52  Zerg Flyer Weapons Level 3  
  184  26:55  Infestor x3  
  184  26:57  Corruptor x4  
  198  27:03  Overseer  
  198  27:07  Zerg Flyer Armor Level 3  
  198  27:17  Spore Crawler x3  
  195  27:46  Brood Lord x2  
  193  28:11  Brood Lord x2  
  188  28:16  Zergling x2  
  188  28:17  Zergling x34  
  194  28:21  Overlord x2  
  193  28:34  Overlord  
  193  29:03  Baneling x9  
  193  29:04  Zergling x12  
  199  29:55  Infestor  
  195  30:04  Corruptor x4  
  195  30:05  Infestor x8  
  195  30:50  Spore Crawler x3  
  195  30:51  Spore Crawler  
  195  30:55  Brood Lord x4  
  198  31:00  Hatchery  
  189  31:39  Zergling x10  
  186  31:40  Zergling x4  
  188  31:52  Overseer  
  188  32:15  Viper x3  
  181  33:13  Corruptor x4  
  180  33:22  Corruptor x3  
  179  33:28  Corruptor x2  
  183  34:00  Brood Lord x3  
  187  34:03  Brood Lord x2  
  187  34:06  Overlord  
  191  34:15  Overlord  
  191  34:18  Overseer  
  169  34:56  Brood Lord x2  
  128  35:09  Infestor  
  128  35:10  Infestor x6, Overseer  
  133  35:21  Hatchery  
  130  35:23  Infestor x4  
  130  35:24  Infestor x2  
  130  35:31  Overseer  
  130  35:47  Overseer  
Tags
 
Add a new tag
Caveats
  • Supply blocks, unpowered buildings, or Contaminate may cause inaccurate times.
  • Supply counts are checked every 10 seconds.